AoeStats
← tjcameron2011

Arena

509334340Analyzed
1v1 RM · 5d ago on Sep 26, 2026· 61m 34s· 2 players
Game mode
Random Map
Map size
Tiny (2 player)
Population
200
Speed
Normal
Resources
Standard
Victory
Conquest
Starting age
Dark Age
Ending age
Imperial Age
RankedLock teamsTeams togetherTeam positionsShared explorationLock speedFull tech treeHidden civsTurbo modeCheats
Victory
Defeat
🇭🇷 Romans · Croatia
648
+16
🇺🇸 Cumans · United States
655
-16
Lanyco
0:35 Loom
14:59 Feudal Age
17:16 Horse Collar
17:26 Double-Bit Axe
17:34 Gold Mining
18:11 Stone Mining
23:33 Castle Age
24:13 Wheelbarrow
23:24 Town Watch
24:18 Wheelbarrow
24:36 Heavy Plow
29:50 Bloodlines
29:41 Husbandry
32:11 Scale Barding Armor
32:17 Forging
36:01 Imperial Age
34:39 Chain Barding Armor
36:24 Iron Casting
35:41 Fletching
36:16 Ballistics
36:07 Fortified Wall
36:08 Masonry
36:36 Bow Saw
39:07 Chemistry
39:36 Blast Furnace
40:01 Plate Barding Armor
40:02 Squires
39:23 Pikeman
40:09 Scale Mail Armor
41:30 Crop Rotation
41:46 Gold Shaft Mining
44:21 Town Patrol
44:36 Hand Cart
45:37 Comitatenses
47:45 Elite Centurion
53:14 Halberdier
54:36 Chain Mail Armor
tjcameron2011
9:03 Loom
11:32 Feudal Age
12:53 Wheelbarrow
12:41 Town Watch
12:53 Town Watch
13:34 Horse Collar
14:00 Double-Bit Axe
18:28 Scale Barding Armor
20:02 Forging
20:44 Bloodlines
22:56 Castle Age
22:12 Stone Mining
22:12 Gold Mining
22:12 Stone Mining
22:40 Gold Mining
24:33 Hand Cart
25:07 Bow Saw
25:19 Heavy Plow
26:08 Gold Shaft Mining
27:14 Murder Holes
28:51 Ballistics
27:55 Light Cavalry
28:39 Fletching
28:51 Capped Ram
30:48 Chain Barding Armor
31:04 Iron Casting
30:31 Scale Mail Armor
30:33 Padded Archer Armor
31:00 Steppe Husbandry
33:56 Town Patrol
33:57 Bodkin Arrow
34:17 Leather Archer Armor
34:04 Scale Mail Armor
34:27 Squires
38:23 Imperial Age
38:25 Fervor
38:37 Sanctity
38:35 Elite Kipchak
39:20 Cuman Mercenaries
38:49 Siege Ram
38:55 Cavalier
40:53 Conscription
39:56 Hussar
43:29 Paladin
44:39 Chain Mail Armor
44:56 Masonry
48:19 Plate Barding Armor
48:45 Blast Furnace
48:16 Ring Archer Armor
48:45 Crop Rotation
49:20 Two-Man Saw
48:19 Pikeman
48:45 Arson
51:12 Plate Mail Armor
50:06 Halberdier
59:05 Atonement
59:07 Devotion
Connection lost

Rejoining the realm…

Still unreachable

The connection could not be restored.

Session expired

The server has moved on; the page needs a fresh start.